 Dungeon Crawl Stone Soup version 0.28.0 (webtiles) character file.

Game seed: 7149928836721040218

33 Roflanpepe the Grave Robber (level 3, -3/24 HPs)
             Began as a Demonspawn Necromancer on Feb 18, 2022.
             Slain by a gnoll (6 damage)
             ... on level 2 of the Dungeon.
             The game lasted 00:07:58 (2039 turns).

Roflanpepe the Grave Robber (DsNe)                  Turns: 2039, Time: 00:07:58

Health: -3/24      AC:  4    Str:  8    XL:     3   Next: 12%
Magic:  6/6        EV: 12    Int: 18    God:
Gold:   53         SH:  0    Dex: 13    Spells: 1/6 levels left

rFire   . . .      SeeInvis .   c - +0 spear
rCold   . . .      Faith    .   (no shield)
rNeg    . . .      Spirit   .   a - +0 robe
rPois   .          Reflect  .   (no helmet)
rElec   .          Harm     .   (no cloak)
rCorr   .          Rampage  .   (no gloves)
Will    .....                   (no boots)
Stlth   ++........              (no amulet)
HPRegen 0.08/turn               (no ring)
MPRegen 0.10/turn               (no ring)

@: no status effects
A: yellow scales 1, spiny 1
a: no special abilities


You were on level 2 of the Dungeon.
You visited 1 branch of the dungeon, and saw 2 of its levels.

You collected 53 gold pieces.

Inventory:

Hand Weapons
 c - a +0 spear (weapon)
Armour
 a - a +0 robe (worn)
Scrolls
 b - 3 scrolls of identify {unknown}
 d - a scroll of torment {unknown}
 e - a scroll of noise {unknown}
 g - a scroll of fog {unknown}
 h - a scroll of teleportation {unknown}
Potions
 f - 3 potions of heal wounds {unknown}
 i - a potion of lignification {unknown}
 j - a potion of degeneration {unknown}


   Skills:
 + Level 2.2 Dodging
 + Level 2.3 Stealth
 + Level 2.3 Spellcasting
 + Level 4.7 Necromancy


You had one spell level left.
You knew the following spells:

 Your Spells              Type           Power      Damage    Failure   Level
a - Pain                  Necr           76%        1d7       2%          1
b - Animate Skeleton      Necr           38%        N/A       2%          1
c - Vampiric Draining     Necr           19%        2d7       8%          3

Your spell library contained the following spells:

 Spells                   Type           Power      Damage    Failure   Level
 Animate Dead             Necr           9%         N/A       26%         4
 Agony                    Necr           19%        N/A       56%         5
 Hailstorm                Conj/Ice       2%         3d3       86%         4
 Ice Form                 Ice/Tmut       2%         N/A       86%         4
 Simulacrum               Ice/Necr       5%         N/A       100%        6


Dungeon Overview and Level Annotations

Branches:
Dungeon (2/15)

Altars:
Nemelex Xobeh


Innate Abilities, Weirdness & Mutations

You are partially covered in yellow scales. (AC +2)
You are partially covered in sharp spines.


Message History

i - a ruby potion
j - a metallic silvery potion
Found a stone staircase leading up.
Found a spear.
You pick up a book of the Tundra and begin reading...
You add the spells Hailstorm, Ice Form and Simulacrum to your library.
Unknown command.
Unknown command.
This spell is quite dangerous to cast!
Memorise Vampiric Draining, consuming 3 spell levels and leaving 1?
You start memorising the spell.
You continue memorising. x3
You finish memorising.
Spell assigned to 'c'.
Found 9 gold pieces.
You now have 53 gold pieces (gained 9).
A quokka comes into view.
You barely miss the quokka. The quokka barely misses you. The quokka bites you.
A gnoll comes into view. It is wielding a +0 flail.
The quokka misses you.
A gnoll comes into view. It is wielding a +0 club.
The gnoll shouts! x2
You completely miss the quokka.
A gnoll comes into view. It is wielding a +0 halberd.
The quokka bites you but does no damage.
You hit the quokka.
The quokka is almost dead.
The quokka closely misses you. The gnoll hits you with a +0 flail!
You closely miss the quokka.
The quokka is almost dead.
The quokka misses you. The gnoll is struck by your spines.
The gnoll hits you with a +0 flail. The quokka barely misses you.
You hit the quokka but do no damage.
The quokka is almost dead.
The gnoll is struck by your spines. The gnoll hits you with a +0 flail.
* * * LOW HITPOINT WARNING * * *
The quokka bites you but does no damage.
The gnoll hits you with a +0 club.
* * * LOW HITPOINT WARNING * * *
The gnoll hits you from afar with a +0 halberd.
You die...

# ### ##### ..#
#...#########
#.#
##.#......r@g#
..#
#..##♣≈.≈♣##g.#
..## #.## ♣♣.≈♣
#g# ...###.#
♣≈♣♣ ..#
##.##..♣ ♣≈♣ .#
#.##.♣♣♣ P.♣ .#
#.##.♣P♣.P≈.≈ #
#......≈.≈≈≈≈
#.###P♣≈≈≈≈.≈


You could see 3 gnolls and a quokka.

Vanquished Creatures
  4 bats (D:1)
  3 endoplasms (D:1)
  2 giant cockroaches (D:1)
  A goblin (D:1)
  4 hobgoblins (D:1)
  2 jackals (D:1)
  3 kobolds (D:1)
  A quokka (D:2)
  4 ball pythons
  4 frilled lizards
  2 rats (D:1)
30 creatures vanquished.

Notes
Turn   | Place    | Note
-------+----------+-------------------------------------------
     0 | D:1      | Roflanpepe the Demonspawn Necromancer began the quest for
                  | the Orb.
     0 | D:1      | Reached XP level 1. HP: 13/13 MP: 3/3
     2 | D:1      | Learned a level 1 spell: Animate Skeleton
   692 | D:1      | Gained mutation: You are partially covered in yellow
                  | scales. (AC +2) [demonic ancestry]
   692 | D:1      | Reached XP level 2. HP: 9/19 MP: 1/5
  1622 | D:1      | Gained mutation: You are partially covered in sharp spines.
                  | [demonic ancestry]
  1622 | D:1      | Reached XP level 3. HP: 18/24 MP: 6/6
  1891 | D:2      | Found a sparkling altar of Nemelex Xobeh.
  2013 | D:2      | Learned a level 3 spell: Vampiric Draining
  2039 | D:2      | Slain by a gnoll

Illustrated notes

Levels and vault maps discovered:
D:1:      sevenhm_arrival_forest_fort_small_3, layout_basic,
          hangedman_feature_mirror
D:2:      layout_loops_ring, basic_altar, serial_bayou_crossing

Skill      XL: |  1 |
---------------+----+-----
Stealth        | 2 |  2.3
Dodging        | 2 |  2.2
Spellcasting   | |  2.3
Necromancy     | |  4.7

Action                   || total
-------------------------++-------
Melee: Unarmed           ||     8
       Spear             ||    25
 Cast: Pain              ||    47
       Animate Skeleton  ||     2
 Stab: Sleeping          ||     2
Armor: Robe              ||    19
Dodge: Dodged            ||    52
